 Dungeon Crawl Stone Soup version 0.28-a0-556-gab23d0e057 (webtiles) character file.

Game seed: 8620508859537493181

2294 BR41ND34D the Cudgeller (level 9, 0/92 HPs)
             Began as a Troll Monk on Sept 28, 2021.
             Slain by a wraith (11 damage)
             ... on level 6 of the Dungeon.
             The game lasted 00:23:23 (5142 turns).

BR41ND34D the Cudgeller (Troll Monk)                Turns: 5142, Time: 00:23:24

Health: 0/92       AC:  6    Str: 22    XL:     9   Next: 17%
Magic:  8/8        EV: 11    Int:  6    God:
Gold:   270        SH:  0    Dex: 14    Spells: 8/8 levels left

rFire   + . .      SeeInvis .   b - +2 scythe (protect)
rCold   . . .      Faith    .   (shield currently unavailable)
rNeg    . . .      Spirit   .   t - +1 robe {rF+}
rPois   .          Reflect  .   (helmet restricted)
rElec   .          Harm     .   v - +0 cloak
rCorr   .          Rampage  .   (gloves unavailable)
Will    .....                   (boots unavailable)
Stlth   ++........              m - amulet of the acrobat
HPRegen 1.25/turn               (no ring)
MPRegen 0.11/turn               (no ring)

@: slowed, studying Crossbows, very slow
A: large, unfitting armour, claws 3, regeneration 1, shaggy fur 1, tough skin 1
a: no special abilities


You were on level 6 of the Dungeon.
You visited 2 branches of the dungeon, and saw 7 of its levels.

You collected 270 gold pieces.

Inventory:

Hand Weapons
 a - a +2 whip of venom
 b - a +2 scythe of protection (weapon)
 e - a +1 dagger of freezing
 l - a +0 rapier of venom
Missiles
 g - 28 poisoned darts (quivered)
Armour
 t - a +1 robe of fire resistance (worn)
 v - a +0 cloak (worn)
Magical Staves
 j - a staff of death
Jewellery
 m - an amulet of the acrobat (around neck)
 u - a ring of fire
Scrolls
 c - a scroll of silence {unknown}
 f - 3 scrolls of teleportation {unknown}
 i - a scroll of blinking {unknown}
 k - 5 scrolls of identify {unknown}
Potions
 d - a potion of attraction
 h - a potion of cancellation {unknown}
 o - a potion of heal wounds {unknown}
 p - 3 potions of might {unknown}
 q - a potion of lignification
 r - a potion of berserk rage {unknown}
 s - a potion of haste {unknown}


   Skills:
 * Level 6.6 Fighting
 * Level 7.2 Maces & Flails
 - Level 2.0 Armour
 + Level 4.8 Dodging
 - Level 2.0 Stealth


You had 8 spell levels left.
You didn't know any spells.
Your spell library was empty.

Dungeon Overview and Level Annotations

Branches:
Dungeon (6/15)             Temple (1/1) D:6

Altars:
Cheibriados
Elyvilon
Fedhas
Hepliaklqana
Kikubaaqudgha
Makhleb
Nemelex Xobeh
Okawaru
Sif Muna
Uskayaw
Vehumet
Wu Jian
Xom
Yredelemnul
Zin
The Shining One


Innate Abilities, Weirdness & Mutations

You are too large for most types of armour.
You have claws for hands.
Your natural rate of healing is unusually fast.
You are covered in fur. (AC +1)
You have tough skin. (AC +1)


Message History

The wraith misses you. The wraith hits you but does no damage.
The wraith hits you!
You closely miss the wraith.
The wraith is moderately damaged.
The wraith hits you. The wraith closely misses you. The wraith hits you.
You hit the wraith but do no damage.
Your weapon exudes an aura of protection.
The wraith is moderately damaged.
The wraith barely misses you. x2; The wraith hits you!
You barely miss the wraith.
The wraith is moderately damaged.
The wraith hits you but does no damage. The wraith closely misses you.
The wraith barely misses you.
You closely miss the wraith.
The wraith is moderately damaged.
The wraith barely misses you. The wraith hits you!
The wraith drains your vigour!
You feel as though you will be slow longer.
The wraith hits you.
You slash the wraith!
Your weapon exudes an aura of protection.
The wraith is heavily damaged.
The wraith hits you!
* * * LOW HITPOINT WARNING * * *
The wraith drains your vigour!
You feel as though you will be slow longer.
The wraith completely misses you. The wraith hits you!
* * * LOW HITPOINT WARNING * * *
You closely miss the wraith.
The wraith is heavily damaged.
The wraith hits you but does no damage. The wraith hits you.
* * * LOW HITPOINT WARNING * * *
The wraith hits you.
* * * LOW HITPOINT WARNING * * *
The wraith drains your vigour!
You feel as though you will be slow longer.
You closely miss the wraith.
The wraith is heavily damaged.
The wraith misses you. The wraith barely misses you. The wraith hits you!
You die...

## .#.##
#........##...........
...........
#.............##
.......##...##........#
.............#...###..#
..<.......#..#.### #.##
.........##.....# ###
#.......####...#
#..............#
#....W@........#
#......####...##
##....## ##### #..#.#
#....# ..... ##.[ #.#


You could see a wraith.

Vanquished Creatures
  The ghost of PanSaczeczos the Conjurer, a novice TeCj of Ru (D:5)
  Grinder (D:4)
  Sigmund (D:5)
  A black bear (D:6)
  An ice beast (D:5)
  2 sky beasts (D:5)
  An ogre (D:5)
  2 phantoms (D:6)
  A wyvern zombie (D:6)
  2 scorpions (D:4)
  A water moccasin zombie (D:5)
  A water moccasin simulacrum (D:5)
  3 orc priests
  2 hounds
  Jessica (D:2)
  8 orc wizards
  4 iguanas
  A bullfrog simulacrum (D:5)
  A hound skeleton (D:4)
  A killer bee simulacrum (D:5)
  10 adders
  3 hound simulacra (D:5)
  A white imp (D:6)
  A howler monkey simulacrum (D:5)
  3 worms
  5 dart slugs
  14 orcs
  7 endoplasms
  4 giant cockroaches
  4 goblins
  13 hobgoblins
  4 jackals (D:2)
  5 quokkas
  8 ball pythons
  2 bats (D:2)
  A frilled lizard (D:2)
  7 kobolds
  2 rats (D:2)
130 creatures vanquished.

Vanquished Creatures (others)
  2 plants (D:5)
2 creatures vanquished.

Grand Total: 132 creatures vanquished

Notes
Turn   | Place    | Note
-------+----------+-------------------------------------------
     0 | D:1      | BR41ND34D the Troll Monk began the quest for the Orb.
     0 | D:1      | Reached XP level 1. HP: 22/22 MP: 0/0
   210 | D:1      | Reached XP level 2. HP: 28/29 MP: 1/1
   292 | D:1      | Reached skill level 3 in Maces & Flails
   424 | D:1      | Reached XP level 3. HP: 34/36 MP: 2/2
   636 | D:2      | Noticed Jessica
   650 | D:2      | Killed Jessica
   713 | D:2      | Reached XP level 4. HP: 45/45 MP: 3/3
   849 | D:2      | Reached skill level 1 in Armour
  1043 | D:2      | Found a faded altar of an unknown god.
  1319 | D:3      | Reached XP level 5. HP: 36/53 MP: 4/4
  2464 | D:4      | Reached skill level 4 in Maces & Flails
  2464 | D:4      | Reached XP level 6. HP: 48/62 MP: 5/5
  2547 | D:4      | Noticed Grinder
  2550 | D:4      | Paralysed by Grinder for 2 turns
  2563 | D:4      | Killed Grinder
  2564 | D:4      | Reached XP level 7. HP: 60/70 MP: 6/6
  3082 | D:5      | Entered Level 5 of the Dungeon
  3154 | D:5      | Noticed PanSaczeczos's ghost (novice TeCj)
  3191 | D:5      | Found a runed translucent gate.
  3191 | D:5      | Found a runed translucent gate.
  3191 | D:5      | Found a runed translucent gate.
  3247 | D:5      | Reached skill level 5 in Maces & Flails
  3365 | D:5      | Noticed Sigmund
  3373 | D:5      | Reached skill level 5 in Fighting
  3429 | D:5      | Killed Sigmund
  3430 | D:5      | Reached XP level 8. HP: 49/80 MP: 7/7
  3931 | D:5      | Reached skill level 6 in Maces & Flails
  4415 | D:5      | Killed PanSaczeczos's ghost
  4658 | D:6      | Reached XP level 9. HP: 92/92 MP: 8/8
  4681 | D:6      | Reached skill level 7 in Maces & Flails
  4882 | D:6      | Found a staircase to the Ecumenical Temple.
  4891 | Temple   | Entered the Ecumenical Temple
  4988 | D:6      | Found a snail-covered altar of Cheibriados.
  5142 | D:6      | Slain by a wraith

Illustrated notes

Levels and vault maps discovered:
D:1:      dpeg_arrival_three_bigger_balls, layout_basic
D:2:      layout_basic, dreamdust_ecumenical_altar_statues,
          minmay_misc_feat_more_columns, uniq_jessica
D:3:      layout_basic
D:4:      layout_basic, uniq_grinder
D:5:      layout_loops_corners, gammafunk_ghost_icy, minmay_misc_feat_tower,
          guppyfry_early_lair_pool, uniq_sigmund
D:6:      layout_cave_pools, mainiacjoe_overflow_alcove_1,
          minmay_temple_entry_poolview, uniq_crazy_yiuf_cottage
Temple:   eino_wide_crystal_templ

Skill      XL: |  1  2  3  4  5  6  7  8  9 |
---------------+----------------------------+-----
Maces & Flails | 3 4 5 6 7 |  7.2
Fighting       | 3 4 5 6 |  6.6
Armour         | 1 2 |  2.0
Dodging        | 3 4 |  4.8
Stealth        | 2 |  2.0

Action                   |  1- 3 |  4- 6 |  7- 9 || total
-------------------------+-------+-------+-------++-------
Melee: Mace              |    86 |       |       ||    86
       Dagger            |     5 |   168 |       ||   173
       Whip              |       |    31 |   351 ||   382
       Scythe            |       |       |    22 ||    22
Throw: Dart              |       |     3 |     4 ||     7
  Use: Potion            |       |       |     2 ||     2
 Stab: Sleeping          |     2 |     4 |     3 ||     9
       Distracted        |       |       |     1 ||     1
Armor: Robe              |    28 |    34 |    85 ||   147
       Skin              |       |       |    12 ||    12
Dodge: Dodged            |    54 |    88 |   150 ||   292

Table legend: (Time is in decaauts)
 A = Elapsed time spent in this place.
 B = Non-inter-level travel time spent in this place.
 C = Inter-level travel time spent in this place.
 D = Time resting spent in this place.
 E = Time spent auto-exploring this place.
 F = Levels seen in this place.
 G = Mean time per level.
                   A        B        C        D        E       F      G
               +--------+--------+--------+--------+--------+-----+--------+
         Total |   5116 |   4897 |    219 |    102 |   3278 |   7 |  730.9 |
       Dungeon |   5054 |   4845 |    209 |    102 |   3245 |   6 |  842.3 |
        Temple |     61 |     51 |     10 |      0 |     33 |   1 |   61.0 |
               +--------+--------+--------+--------+--------+-----+--------+

Top non-repeatable levels by time:
     D:5: 1529 daAuts
     D:3: 1105 daAuts
     D:4: 743 daAuts
     D:1: 625 daAuts
     D:2: 619 daAuts
     D:6: 431 daAuts
  Temple: 61 daAuts
